AoeStats
← Daranguren

Arena

508511954Analyzed
1v1 RM · 11d ago on Sep 22, 2026· 24m 40s· 2 players
Game mode
Random Map
Map size
Tiny (2 player)
Population
200
Speed
Normal
Resources
Standard
Victory
Conquest
Starting age
Dark Age
Ending age
Imperial Age
RankedLock teamsTeams togetherTeam positionsShared explorationLock speedFull tech treeHidden civsTurbo modeCheats
Victory
Defeat
🇩🇪 Turks · Germany
838
+17
🇪🇸 Spanish · Spain
859
-39
Enrique78
12:35 Feudal Age
16:23 Castle Age
14:41 Double-Bit Axe
21:05 Imperial Age
21:36 Bow Saw
21:09 Horse Collar
22:42 Padded Archer Armor
Daranguren
3:44 Loom
10:36 Feudal Age
11:45 Horse Collar
11:58 Double-Bit Axe
14:32 Wheelbarrow
17:35 Scale Barding Armor
19:51 Castle Age
18:31 Forging
19:27 Scale Mail Armor
19:51 Gold Mining
21:01 Hand Cart
21:22 Husbandry
22:35 Heavy Plow
23:28 Chain Barding Armor
Connection lost

Rejoining the realm…

Still unreachable

The connection could not be restored.

Session expired

The server has moved on; the page needs a fresh start.